 Dungeon Crawl Stone Soup version 0.25.1-2-g60ff931df9 (webtiles) character file.

Game seed: 4860329429159605182

37601 Iaco the Severer (level 13, -6/177 HPs)
             Began as a Minotaur Berserker on Nov 25, 2020.
             Was an Elder of Trog.
             Mangled by a wolf spider (9 damage)
             ... on level 3 of the Spider Nest on Nov 26, 2020.
             The game lasted 03:09:49 (21289 turns).

Iaco the Severer (Minotaur Berserker)              Turns: 21289, Time: 03:09:51

Health: -6/177     AC: 20    Str: 27    XL:     13   Next: 59%
Magic:  12/12      EV: 12    Int:  4    God:    Trog [****..]
Gold:   580        SH:  8    Dex: 10    Spells: 12/12 levels left

rFire    + . .     SeeInvis .   G - +3 hand axe (flame)
rCold    + . .     Gourm    .   q - +2 buckler {reflect}
rNeg     . . .     Faith    .   C - +2 plate armour
rPois    .         Spirit   .   (helmet restricted)
rElec    .         Reflect  +   w - scarf {rC+ rF+}
rCorr    +         Harm     .   Q - +0 pair of gloves
MR       .....                  t - +0 pair of boots
Stlth    ..........             E - amulet of regeneration
HPRegen  0.79/turn              V - ring of resist corrosion
MPRegen  0.13/turn              L - +4 ring of protection

@: berserking, lethally poisoned (-6 -> -24), corroded, slow
A: retaliatory headbutt, horns 2
a: Berserk, Trog's Hand, Brothers in Arms, Renounce Religion


You were on level 3 of the Spider Nest.
You worshipped Trog.
Trog was greatly pleased with you.
You were not hungry.

You visited 4 branches of the dungeon, and saw 17 of its levels.

You collected 831 gold pieces.
You spent 251 gold pieces at shops.

Inventory:

Hand Weapons
 a - a +3 war axe of freezing
 o - a +4 quarterstaff of chaos
 v - a +0 lajatang
 F - a +3 dire flail of holy wrath
 G - a +3 hand axe of flaming (weapon)
Missiles
 j - 486 stones (quivered)
 O - 64 poisoned darts
Armour
 q - a +2 buckler of reflection (worn)
 r - a +0 leather armour of magic resistance
 t - a +0 pair of boots (worn)
 w - a scarf of resistance (worn)
 C - a +2 plate armour (worn)
 Q - a +0 pair of gloves (worn)
Jewellery
 n - a +4 ring of slaying
 x - a +4 ring of protection
 D - an uncursed amulet of guardian spirit
 E - an amulet of regeneration (around neck)
 L - a +4 ring of protection (right hand)
 R - the amulet "Pehak" {Faith MP+9}
   (You found it on level 7 of the Dungeon)

   [amulet of faith]

   It allows you to gain divine favour quickly.
   It affects your magic capacity (+9).
 V - a ring of resist corrosion (left hand)
Wands
 k - a wand of flame (16)
 H - a wand of digging (5)
 K - a wand of random effects (24)
 T - a wand of acid (16)
 Y - a wand of disintegration (7)
Scrolls
 f - 13 scrolls of remove curse
 i - 8 scrolls of teleportation
 s - 6 scrolls of identify
 y - 2 scrolls of fog
 I - a scroll of fear {unknown}
 S - a scroll of blinking {unknown}
 U - a scroll of immolation {unknown}
 W - a scroll of magic mapping {unknown}
Potions
 e - 2 potions of cancellation
 h - 3 potions of stabbing {unknown}
 m - 2 potions of degeneration {unknown}
 u - 2 potions of mutation
 z - 5 potions of lignification
 A - a potion of flight
 M - 2 potions of curing
 X - 4 potions of magic {unknown}
Miscellaneous
 g - a phantom mirror
 J - a phial of floods (inert)
 Z - 2 boxes of beasts
Comestibles
 c - 13 rations


   Skills:
 + Level 12.0 Fighting
 * Level 16.0 Axes
 + Level 11.6 Armour
 + Level 10.8 Dodging
 + Level 11.4 Shields


You had 12 spell levels left.
You didn't know any spells.
Your spell library was empty.

Dungeon Overview and Level Annotations

Branches:
Dungeon (11/15)            Temple (1/1) D:5            Lair (2/6) D:11
 Spider (3/4) Lair:2
  Swamp: Lair:2-4    Shoals: Lair:2-4       Orc: D:9-12

Altars:
Ashenzari
Cheibriados
Dithmenos
Elyvilon
Fedhas
Gozag
Hepliaklqana
Kikubaaqudgha
Makhleb
Nemelex Xobeh
Okawaru
Qazlal
Ru
Sif Muna
Trog
Uskayaw
Vehumet
Wu Jian
Xom
Yredelemnul
Zin
The Shining One

Shops:
D:7 [   D:8 ?


Innate Abilities, Weirdness & Mutations

You reflexively headbutt those who attack you in melee.
You have a pair of horns on your head.


Message History

You are too berserk!
You are too berserk!
You are too berserk!
Your unstable footing causes you to fumble your attack.
* * * LOW HITPOINT WARNING * * *
You feel sick.
The jumping spider pounces on you but does no damage.
The jumping spider bites you.
* * * LOW HITPOINT WARNING * * *
You block the redback's attack. The demonic crawler barely misses you.
The demonic crawler hits you but does no damage. x2
Your unstable footing causes you to fumble your attack.
* * * LOW HITPOINT WARNING * * *
You feel sick. You block the redback's attack.
You block the jumping spider's attack.
The jumping spider bites you but does no damage.
The demonic crawler closely misses you.
The demonic crawler hits you but does no damage. x2
The wolf spider hits you!
You die...

................
..........$.....
^...........(..
.....°........
#^...........
##...........
#..sss.......
#..s@ss.(s..^
#.^asss......
####sy(......
#...^.....
..........
......>....
............
.......(....^
.....:......^


You could see an emperor scorpion, an entropy weaver, 3 demonic crawlers, a wolf
spider, a moth of wrath, 4 jumping spiders and 2 redbacks.

Vanquished Creatures
  Agnes (Spider:1)
  2 emperor scorpions (Spider:2)
  An entropy weaver (Spider:2)
  2 hydras
  Harold (Lair:1)
  6 death yaks (D:11)
  10 wolf spiders
  4 orb spiders
  An ugly thing (D:11)
  A manticore (D:9)
  A moth of wrath (Spider:2)
  2 black mambas (Lair:1)
  Maurice (D:10)
  2 spiny frogs (Lair:1)
  A gargoyle (D:11)
  Maggie (D:6)
  A torpor snail (Spider:2)
  A centaur skeleton (D:11)
  2 komodo dragons (Lair:1)
  A demonic crawler (Spider:1)
  A jumping spider (shapeshifter) (D:10)
  A troll (D:10)
  11 jumping spiders
  Prince Ribbit (D:6)
  A hornet (Spider:2)
  3 hippogriffs
  25 redbacks
  Sigmund (D:2)
  A wraith (D:7)
  11 tarantellas
  Eustachio (D:5)
  2 steam dragons (D:6)
  2 basilisks
  Grum (D:10)
  An acid dragon (D:11)
  A water moccasin (Lair:2)
  2 porcupines
  2 sky beasts
  3 orc warriors
  Duvessa (D:4)
  A black bear (D:9)
  3 ice beasts
  A phantom (D:11)
  A necrophage (D:8)
  2 ogres
  13 wolves
  2 crocodiles (Lair:1)
  5 centaurs
  A big kobold (D:7)
  Blork the orc (D:5)
  8 bullfrogs
  A wyvern zombie (D:11)
  Dowan (D:4)
  4 scorpions
  5 killer bees
  6 wights
  2 electric eels (Spider:1)
  A howler monkey (D:9)
  3 centaur zombies
  8 crimson imps
  5 human zombies (D:8)
  5 jellies
  8 hounds
  6 orc priests
  A quasit (D:9)
  Crazy Yiuf (D:6)
  A bullfrog skeleton (D:5)
  A human skeleton (D:8)
  Terence (D:2)
  4 iguanas
  8 worker ants
  7 orc wizards
  An ogre zombie (D:8)
  2 hound skeletons
  2 mummies (D:8)
  A worker ant zombie (D:6)
  Robin (D:2)
  12 adders
  2 shadow imps
  An adder zombie (D:8)
  An adder skeleton (D:8)
  4 worms
  3 dart slugs
  3 leopard geckos
  23 orcs
  5 bats
  6 giant cockroaches
  15 goblins
  5 hobgoblins
  6 jackals
  2 quokkas
  3 ball pythons
  5 frilled lizards
  5 kobolds
  A leopard gecko zombie (D:7)
  An orc skeleton (D:8)
  An orc zombie (D:8)
  A quokka zombie (D:5)
  7 rats
  A spectral orc (D:9)
  4 bushes
  81 fungi
  121 plants
557 creatures vanquished.

Vanquished Creatures (collateral kills)
  A demonic crawler (Spider:2)
1 creature vanquished.

Vanquished Creatures (others)
  2 fungi
  7 plants (Lair:1)
9 creatures vanquished.

Grand Total: 567 creatures vanquished

Notes
Turn   | Place    | Note
-------+----------+-------------------------------------------
     0 | D:1      | Iaco the Minotaur Berserker began the quest for the Orb.
     0 | D:1      | Reached XP level 1. HP: 19/19 MP: 0/0
   282 | D:1      | Reached XP level 2. HP: 24/27 MP: 1/1
   442 | D:1      | Reached skill level 4 in Axes
   566 | D:1      | Reached skill level 1 in Shields
   811 | D:1      | Reached XP level 3. HP: 33/33 MP: 2/2
  1167 | D:2      | Found an iron altar of Okawaru.
  1172 | D:2      | Noticed Terence
  1180 | D:2      | Killed Terence
  1669 | D:2      | Noticed Robin
  1678 | D:2      | Reached XP level 4. HP: 40/40 MP: 3/3
  1683 | D:2      | Killed Robin
  1683 | D:2      | Reached ** piety under Trog
  2333 | D:2      | Noticed Sigmund
  2339 | D:2      | Killed Sigmund
  2339 | D:2      | Reached skill level 5 in Axes
  2339 | D:2      | Reached XP level 5. HP: 47/47 MP: 4/4
  2570 | D:3      | Reached XP level 6. HP: 53/53 MP: 5/5
  2916 | D:3      | Found a blossoming altar of Fedhas.
  3597 | D:4      | Reached skill level 6 in Axes
  3634 | D:4      | Found a shimmering altar of Xom.
  3839 | D:4      | Found a hazy altar of Hepliaklqana.
  4005 | D:4      | Reached skill level 5 in Fighting
  4075 | D:4      | Found a sacrificial altar of Ru.
  4296 | D:4      | Noticed Duvessa
  4296 | D:4      | Noticed Dowan
  4305 | D:4      | Killed Duvessa
  4305 | D:4      | Reached XP level 7. HP: 61/61 MP: 6/6
  4312 | D:4      | Killed Dowan
  4480 | D:5      | Entered Level 5 of the Dungeon
  4521 | D:5      | Reached *** piety under Trog
  4540 | D:5      | Found a hide-covered altar of Uskayaw.
  4605 | D:5      | Reached skill level 7 in Axes
  4893 | D:5      | Found a staircase to the Ecumenical Temple.
  4897 | D:5      | Noticed Blork the orc
  4909 | D:5      | Killed Blork the orc
  4912 | D:5      | Reached XP level 8. HP: 68/70 MP: 7/7
  4929 | D:5      | Noticed Eustachio
  4943 | D:5      | Reached skill level 5 in Armour
  4946 | D:5      | Killed Eustachio
  5023 | D:5      | Found a burning altar of Makhleb.
  5047 | D:5      | Reached skill level 8 in Axes
  5201 | Temple   | Entered the Ecumenical Temple
  5583 | D:6      | Found a runed translucent door.
  5586 | D:6      | Noticed Crazy Yiuf
  5591 | D:6      | Killed Crazy Yiuf
  5712 | D:6      | Reached skill level 5 in Dodging
  5930 | D:6      | Noticed Maggie
  5953 | D:6      | Killed Maggie
  5953 | D:6      | Reached skill level 5 in Shields
  6057 | D:6      | Reached skill level 9 in Axes
  6188 | D:6      | Noticed Prince Ribbit
  6201 | D:6      | Reached XP level 9. HP: 72/78 MP: 6/8
  6515 | D:6      | Killed Prince Ribbit
  6887 | D:7      | Found Ileta's Antique Armour Shop.
  7303 | D:7      | Reached skill level 10 in Axes
  7363 | D:7      | Reached **** piety under Trog
  7416 | D:7      | Got a scintillating diamond amulet
  7426 | D:7      | Identified the amulet "Pehak" {Faith MP+9} (You found it on
                  | level 7 of the Dungeon)
  7509 | D:7      | Bought a runed buckler for 240 gold pieces
  7828 | D:8      | Found Aschyi's Magic Scroll Boutique.
  7939 | D:8      | Bought a scroll of noise for 11 gold pieces
  8572 | D:8      | Reached XP level 10. HP: 88/88 MP: 9/9
  8650 | D:8      | Found an ancient bone altar of Kikubaaqudgha.
  8810 | D:9      | Found a basalt altar of Yredelemnul.
  9023 | D:9      | Reached skill level 11 in Axes
  9138 | D:9      | Noticed a manticore
  9154 | D:9      | Reached ***** piety under Trog
  9156 | D:9      | Killed a manticore
  9652 | D:9      | Found a glowing silver altar of Zin.
  9669 | D:9      | Found a sparkling altar of Nemelex Xobeh.
  9742 | D:9      | Found a bloodstained altar of Trog.
  9771 | D:9      | Found an opulent altar of Gozag.
 10255 | D:10     | Entered Level 10 of the Dungeon
 10645 | D:10     | Noticed Maurice
 10664 | D:10     | Killed Maurice
 10664 | D:10     | Received a gift from Trog
 10740 | D:10     | Noticed Grum
 10755 | D:10     | Killed Grum
 10755 | D:10     | Reached skill level 12 in Axes
 11072 | D:10     | Found a hazy altar of Hepliaklqana.
 11313 | D:11     | Noticed a brown ugly thing
 11317 | D:11     | Noticed a seven-headed hydra
 11330 | D:11     | Killed a brown ugly thing
 11330 | D:11     | Reached XP level 11. HP: 97/97 MP: 10/10
 11338 | D:11     | Killed a four-headed hydra
 11431 | D:11     | Noticed a death yak
 11432 | D:11     | Noticed a death yak
 11432 | D:11     | Noticed a death yak
 11432 | D:11     | Noticed a death yak
 11470 | D:11     | Noticed a death yak
 11471 | D:11     | Noticed a death yak
 11473 | D:11     | Killed a death yak
 11477 | D:11     | Killed a death yak
 11480 | D:11     | Killed a death yak
 11487 | D:11     | Killed a death yak
 11487 | D:11     | Reached skill level 13 in Axes
 11491 | D:11     | Killed a death yak
 11497 | D:11     | Killed a death yak
 11804 | D:11     | Found a staircase to the Lair.
 11855 | D:11     | Reached skill level 10 in Fighting
 12202 | D:11     | Found an ornate altar of the Wu Jian Council.
 12712 | Lair:1   | Entered Level 1 of the Lair of Beasts
 12917 | Lair:1   | Noticed Harold
 12957 | Lair:1   | Killed Harold
 13049 | Lair:1   | Got a spiked scale mail
 13178 | Lair:1   | Reached XP level 12. HP: 86/106 MP: 11/11
 13213 | Lair:1   | Reached skill level 10 in Armour
 14603 | Lair:2   | Noticed a six-headed hydra
 14620 | Lair:2   | Killed a five-headed hydra
 14620 | Lair:2   | Reached skill level 14 in Axes
 15160 | Lair:2   | Found a hole to the Spider Nest.
 15734 | Lair:2   | Reached skill level 10 in Shields
 16483 | Spider:1 | Entered Level 1 of the Spider Nest
 17752 | Spider:1 | Noticed Agnes
 17766 | Spider:1 | Killed Agnes
 17975 | Spider:1 | Reached skill level 10 in Dodging
 18130 | Spider:1 | Reached skill level 15 in Axes
 18961 | Spider:2 | Noticed an emperor scorpion
 18974 | Spider:2 | Reached XP level 13. HP: 99/116 MP: 12/12
 18996 | Spider:2 | Killed an emperor scorpion
 19187 | Spider:2 | Noticed an entropy weaver
 19203 | Spider:2 | Killed an entropy weaver
 20455 | Spider:2 | Noticed an emperor scorpion
 20498 | Spider:2 | Killed an emperor scorpion
 21270 | Spider:3 | Noticed an emperor scorpion
 21270 | Spider:3 | Noticed an entropy weaver
 21274 | Spider:3 | Reached skill level 16 in Axes
 21288 | Spider:3 | HP: 8/177 [poisoned by a redback]
 21288 | Spider:3 | HP: 3/177 [jumping spider (5)]
 21289 | Spider:3 | Mangled by a wolf spider

Illustrated notes

Levels and vault maps discovered:
D:1:      scummos_arrival_forest, layout_basic, solitary_fountain
D:2:      layout_basic, okawaru_ov_weapons_minmay, first_ration,
          solitary_fountain, uniq_robin, uniq_sigmund, uniq_terence
D:3:      layout_basic, old_standard_altar
D:4:      layout_basic, marbit_many_paths, lemuel_crystal_altar,
          xom_teletrap_fun, uniq_duvessa
D:5:      layout_rooms, overflow_temple_1_default,
          minmay_temple_entry_large_hall, basic_altar, uniq_eustachio,
          uniq_blork_the_orc
D:6:      kennysheep_steamy, layout_basic, uniq_crazy_yiuf_cottage, uniq_maggie,
          uniq_prince_ribbit1
D:7:      minmay_the_grid_triangle_9x9_rhombus_thin
          [minmay_the_grid_triangle_9x9_alien,
          minmay_the_grid_triangle_9x9_prize_top_heavy,
          minmay_the_grid_triangle_9x9_wacky_v,
          minmay_the_grid_triangle_9x9_steps], layout_basic, serial_shops,
          nicolae_shop_waterfront
D:8:      layout_basic, lemuel_mausoleum_altar_kikubaaqudgha, serial_shops, shop
D:9:      layout_basic, yredelemnul_forgotten_temple_becter,
          nicolae_overflow_quartered_altars
D:10:     layout_basic, basic_altar, uniq_maurice, uniq_grum
D:11:     layout_cross, dpeg_lair_monsters, serial_rivers,
          chequers_serial_rivers_room_a, chequers_serial_rivers_micro_a,
          chequers_serial_rivers_large_a, chequers_serial_rivers_marsh,
          basic_altar
Temple:   minmay_temple_curvy_loop
Lair:1:   minmay_lair_venomous_thicket, layout_gridlike,
          infiniplex_staircase_pool_2, serial_bayou_shore_a, grunt_megastairs_3,
          uniq_harold
Lair:2:   layout_regular_city, spider_nest_entry_funnel_web,
          chequers_serial_rivers_small_a
Spider:1: layout_spider_delve, uniq_agnes
Spider:2: layout_chambers
Spider:3: layout_spider_delve, nicolae_arachne_temple, uniq_kirke

Skill      XL: |  1  2  3  4  5  6  7  8  9 10 11 12 13 |
---------------+----------------------------------------+-----
Axes           | 4 5 6 7 9 10 12 13 15 16 | 16.0
Shields        | 1 2 3 4 5 6 8 9 10 11 | 11.4
Fighting       | 4 5 6 7 9 10 11 12 | 12.0
Armour         | 3 4 6 7 8 9 11 | 11.6
Dodging        | 3 4 5 6 7 9 10 | 10.8

Action                   |  1- 3 |  4- 6 |  7- 9 | 10-12 | 13-15 || total
-------------------------+-------+-------+-------+-------+-------++-------
Melee: Hand axe          |    71 |    71 |   353 |   787 |   220 ||  1502
       Headbutt          |     6 |    12 |    96 |   386 |    49 ||   549
       Hunting sling     |       |     1 |       |       |       ||     1
       War axe           |       |       |       |   524 |       ||   524
 Fire: Hunting sling     |       |    20 |       |       |       ||    20
Throw: Stone             |    14 |    35 |    78 |    54 |    22 ||   203
Invok: Berserk           |     2 |     1 |     2 |     7 |     3 ||    15
       Trog's Hand       |       |     2 |     2 |     2 |       ||     6
Evoke: Box of beasts     |       |       |       |       |     1 ||     1
       Phial of floods   |       |       |       |       |     1 ||     1
  Use: Scroll            |     1 |     2 |     1 |    19 |       ||    23
       Potion            |       |     1 |     2 |     6 |     5 ||    14
 Stab: Invisible         |       |       |       |       |     3 ||     3
  Eat: Chunk             |     1 |     5 |     3 |    17 |     3 ||    29
       Ration            |     1 |     1 |     5 |     7 |     2 ||    16
Armor: Animal skin       |     7 |       |       |       |       ||     7
       Scale mail        |     8 |    10 |       |       |       ||    18
       Leather armour    |     2 |       |       |       |       ||     2
       Chain mail        |       |    10 |       |       |       ||    10
       Plate armour      |       |     5 |   103 |   246 |   192 ||   546
Dodge: Dodged            |    21 |    21 |    44 |   176 |   129 ||   391
Block: Kite shield       |    25 |    23 |    63 |       |       ||   111
       Buckler           |       |       |    10 |   120 |   114 ||   244
       Reflection        |       |       |       |     7 |       ||     7
